 Dungeon Crawl Stone Soup version 0.21.1-1-g345015fe64 (webtiles) character file.

13939 hurdos the Cleaver (level 11, -4/91 HPs)
             Began as a Demonspawn Berserker on July 30, 2018.
             Was an Elder of Trog.
             Slain by a death yak (11 damage)
             ... on level 10 of the Dungeon.
             The game lasted 01:19:04 (8579 turns).

hurdos the Cleaver (Demonspawn Berserker)           Turns: 8579, Time: 01:19:07

Health: -4/91      AC: 13    Str: 18    XL:     11   Next: 82%
Magic:  0/20       EV: 14    Int: 12    God:    Trog [****..]
Gold:   1046       SH:  6    Dex: 12    Spells: 10/10 levels left

rFire    + + +     SeeInvis +   R - +0 battleaxe
rCold    . . .     Gourm    +   (shield currently unavailable)
rNeg     . . .     Faith    .   I - +3 salamander hide armour {+Rage rF++}
rPois    +         Spirit   +   l - +0 helmet {SInv}
rElec    .         Reflect  .   B - +0 cloak
rCorr    .         Harm     .   M - +1 pair of gloves
MR       +....     NoTele   +   x - +0 pair of boots
Stlth    +.........             F - amulet of the gourmand
HPRegen  0.25/turn              G - ring "Fiduotel" {-Tele rPois rF+ MP+9}
MPRegen  0.17/turn              t - ring of protection from magic

@: berserk cooldown, hasted and slowed
A: talons 2, large bone plates 2, magic shield
a: Berserk, Trog's Hand, Brothers in Arms, Burn Spellbooks, Renounce Religion,
Evoke Berserk Rage


You were on level 10 of the Dungeon.
You worshipped Trog.
Trog was greatly pleased with you.
You were very full.

You visited 3 branches of the dungeon, and saw 14 of its levels.
You also visited: Volcano.

You collected 1046 gold pieces.

Inventory:

Hand Weapons
 a - a +0 hand axe
 R - a +0 battleaxe (weapon)
 S - the +9 executioner's axe "Luputeci" {flame, *Corrode +Rage Str+4 Int+7}
   (Trog gifted it to you on level 9 of the Dungeon)

   It has been specially enchanted to burn those struck by it, causing extra
   injury to most foes and up to half again as much damage against particularly
   susceptible opponents.
   Big, fiery blades are also staple armaments of hydra-hunters.
   It affects your strength (+4).
   It affects your intelligence (+7).
   It lets you go berserk.
   It may corrode you when you take damage.
Armour
 l - a +0 helmet of see invisible (worn)
 x - a +0 pair of boots (worn)
 B - a +0 cloak (worn)
 I - the +3 salamander hide armour (worn) {+Rage rF++}
   (You found it in a volcano)

   It greatly protects you from fire.
   It lets you go berserk.
 M - a +1 pair of gloves (worn)
Jewellery
 q - a +3 ring of dexterity
 t - a ring of protection from magic (right hand)
 u - an uncursed ring of resist corrosion
 F - an amulet of the gourmand (around neck)
 G - the ring "Fiduotel" (left hand) {-Tele rPois rF+ MP+9}
   (You found it on level 6 of the Dungeon)

   [ring of protection from fire]

   It protects you from fire.
   It protects you from poison.
   It affects your magic capacity (+9).
   It prevents most forms of teleportation.
 H - an uncursed ring of ice
Wands
 D - a wand of digging (25)
Scrolls
 e - 3 scrolls of fog
 f - 4 scrolls of teleportation
 k - a scroll of amnesia
 v - a scroll of magic mapping
 y - a scroll of blinking
 z - 7 scrolls of remove curse
 E - 2 scrolls of enchant weapon
 J - a scroll of fear
Potions
 b - 3 potions of berserk rage {unknown}
 d - a potion of haste
 g - a potion of cancellation {unknown}
 h - a potion of agility
 j - a potion of brilliance {unknown}
 m - a potion of heal wounds
 n - a potion of flight {unknown}
 o - a potion of curing
 p - 4 potions of might
 r - 2 potions of mutation
 s - a potion of resistance
 w - 2 potions of magic
 A - a potion of lignification
 Q - 2 potions of invisibility
Books
 C - a book of Callings

   Spells                             Type                      Level
   a - Summon Small Mammal            Summoning                    1
   b - Call Imp                       Summoning                    2
   c - Call Canine Familiar           Summoning                    3
   d - Summon Guardian Golem          Hexes/Summoning              3
   e - Summon Lightning Spire         Summoning/Air                4
   f - Summon Ice Beast               Ice/Summoning                4
   Trog disapproves of the use of such an item.
 P - a book of Misfortune

   Spells                             Type                      Level
   a - Confusing Touch                Hexes                        1
   b - Confuse                        Hexes                        3
   c - Gell's Gravitas                Translocation                3
   d - Petrify                        Transmutation/Earth          4
   e - Metabolic Englaciation         Hexes/Ice                    5
   f - Yara's Violent Unravelling     Hexes/Transmutation          5
   Trog disapproves of the use of such an item.
Miscellaneous
 K - a lightning rod (4/4)
Comestibles
 c - 20 rations
 i - 4 chunks of flesh


   Skills:
 + Level 10.2 Fighting
 * Level 12.5 Axes
 + Level 7.6 Armour
 - Level 5.2 Dodging


You had 10 spell levels left.
You didn't know any spells.

Dungeon Overview and Level Annotations

Branches:
Dungeon (11/15)            Temple (1/1) D:7             Orc (2/2) D:9
   Lair: D:8-11         Elf: Orc:2

Altars:
Ashenzari
Cheibriados
Dithmenos
Elyvilon
Gozag
Hepliaklqana
Kikubaaqudgha
Makhleb
Nemelex Xobeh
Okawaru
Qazlal
Ru
Sif Muna
Trog
Uskayaw
Vehumet
Wu Jian
Xom
Yredelemnul
Zin
The Shining One

Shops:
D:6 *


Innate Abilities, Weirdness & Mutations

You have razor-sharp toenails.
You are mostly covered in large bone plates. (SH +6)
When hurt, damage is shared between your health and your magic reserves.


Message History

You slash the death yak!
The death yak is severely wounded.
You hit the death yak. The death yak closely misses you.
The death yak gores you!
* * * LOW HITPOINT WARNING * * *
The death yak closely misses you. The death yak gores you.
* * * LOW HITPOINT WARNING * * *
You feel much better.
Your skin stops crawling.
You feel less resistant to hostile enchantments.
The death yak closely misses you. The death yak gores you!!
* * * LOW HITPOINT WARNING * * *
You feel yourself speed up.
The death yak gores you but does no damage.
The death yak gores you!
* * * LOW HITPOINT WARNING * * *
The death yak gores you!
* * * LOW HITPOINT WARNING * * *
The death yak gores you!
You die...

. ....
#..........##...#....
....##...####...##...#....
.....#...# #...##...#....
.........# #...##...#..##
....##...# #........#..##
.# .........#
#........#..## .#
.........# #...#######.##
.# .#......Y####...# ####
.# )....##.Y@....... ###
.# .# ##...##..........
#.. .##.# #...##.######..#
#.. .##.# #...##.# #..#
##.# .##.# #...##.#
#..#######..# .##.#
#......# #... ...##..#
.##.# #......######.#
#..##..# .##.#
#..>#)........# #..##..#
....# #...#.........#
#..##..#


You could see 2 death yaks.

Vanquished Creatures
  An ettin (Orc:1)
  3 two-headed ogres
  A death yak (D:10)
  A salamander mystic (Volcano)
  Pikel (D:4)
  4 salamanders (Volcano)
  A polar bear (D:8)
  4 yaks
  Eustachio (D:5)
  3 vampire mosquitoes
  Edmund (D:5)
  A warg (Orc:1)
  2 water moccasins
  7 orc warriors
  A slave (D:4)
  An eye of draining (D:9)
  5 ice beasts
  A black bear (D:7)
  3 ogres
  A wolf (D:8)
  2 phantoms
  3 centaurs
  3 big kobolds
  8 bullfrogs
  5 scorpions
  An electric eel (D:8)
  2 howler monkeys (D:4)
  2 crimson imps
  A centaur zombie (D:8)
  A bullfrog zombie (D:6)
  6 hounds
  2 jellies
  3 orc priests
  2 centaur skeletons
  2 iguanas
  20 orc wizards
  9 worker ants
  A hound skeleton (D:8)
  A killer bee simulacrum (D:8)
  Robin (D:3)
  A worker ant zombie (D:6)
  4 gnolls (D:4)
  7 adders
  A howler monkey skeleton (D:7)
  3 shadow imps
  2 white imps (D:8)
  A worker ant simulacrum (D:8)
  An ufetubus (D:8)
  2 adder zombies
  3 worms
  2 dart slugs (D:2)
  8 leopard geckos
  43 orcs
  7 giant cockroaches
  19 goblins
  6 hobgoblins
  3 jackals (D:3)
  4 quokkas
  5 ball pythons
  11 bats
  3 frilled lizards
  17 kobolds
  A leopard gecko zombie (D:5)
  A quokka skeleton (D:10)
  7 rats
280 creatures vanquished.

Vanquished Creatures (collateral kills)
  A stone giant (Orc:1)
  A red draconian (Volcano)
2 creatures vanquished.

Vanquished Creatures (others)
  An adder (D:4)
  An orc (D:4)
2 creatures vanquished.

Grand Total: 284 creatures vanquished

Notes
Turn   | Place    | Note
-------+----------+-------------------------------------------
     0 | D:1      | hurdos the Demonspawn Berserker began the quest for the Orb.
     0 | D:1      | Reached XP level 1. HP: 18/18 MP: 1/1
   311 | D:1      | Reached skill level 3 in Axes
   311 | D:1      | Gained mutation: You have sharp toenails. [demonic ancestry]
   311 | D:1      | Reached XP level 2. HP: 24/24 MP: 2/2
   452 | D:2      | Reached XP level 3. HP: 29/29 MP: 3/3
   601 | D:2      | Reached ** piety under Trog
   604 | D:2      | Found a glowing golden altar of the Shining One.
  1196 | D:2      | Reached XP level 4. HP: 31/35 MP: 4/4
  1228 | D:2      | Noticed a phantom
  1305 | D:2      | Killed a phantom
  1305 | D:2      | Reached skill level 4 in Axes
  1305 | D:2      | Gained mutation: You have razor-sharp toenails. [demonic ancestry]
  1305 | D:2      | Reached XP level 5. HP: 31/42 MP: 5/5
  1325 | D:2      | Found a shimmering altar of Xom.
  1343 | D:2      | Found a faded altar of an unknown god.
  1624 | D:3      | Found a snail-covered altar of Cheibriados.
  1776 | D:3      | Found a deep blue altar of Sif Muna.
  1954 | D:3      | Reached *** piety under Trog
  1965 | D:3      | Noticed Robin
  1978 | D:3      | Killed Robin
  2080 | D:3      | Found a shimmering altar of Xom.
  2173 | D:4      | Noticed a slave
  2174 | D:4      | Noticed Pikel
  2174 | D:4      | Noticed a slave
  2176 | D:4      | Noticed a slave
  2177 | D:4      | Noticed a slave
  2189 | D:4      | Killed a slave
  2198 | D:4      | Killed Pikel
  2198 | D:4      | Reached skill level 5 in Fighting
  2198 | D:4      | Reached skill level 5 in Axes
  2198 | D:4      | Reached XP level 6. HP: 51/51 MP: 6/6
  2198 | D:4      | Gained mutation: You are partially covered in large bone plates. (SH +4) [demonic ancestry]
  2198 | D:4      | Reached XP level 7. HP: 56/56 MP: 7/7
  2322 | D:4      | Reached skill level 6 in Axes
  2339 | D:5      | Entered Level 5 of the Dungeon
  2410 | D:5      | Found an iron altar of Okawaru.
  2848 | D:5      | Found an opulent altar of Gozag.
  2970 | D:4      | Reached XP level 8. HP: 31/63 MP: 8/8
  3211 | D:5      | Noticed Eustachio
  3228 | D:5      | Killed Eustachio
  3228 | D:5      | Reached skill level 7 in Axes
  3294 | D:5      | Noticed Edmund
  3313 | D:5      | Killed Edmund
  3313 | D:5      | Reached skill level 5 in Dodging
  3438 | D:5      | You fall through a shaft!
  3524 | D:5      | Reached **** piety under Trog
  3662 | D:6      | Reached skill level 8 in Axes
  3693 | D:6      | Noticed a two-headed ogre
  3712 | D:6      | Killed a two-headed ogre
  3712 | D:6      | Gained mutation: You are mostly covered in large bone plates. (SH +6) [demonic ancestry]
  3712 | D:6      | Reached XP level 9. HP: 69/72 MP: 9/9
  3817 | D:6      | Got a transparent golden ring
  3819 | D:6      | Identified the ring "Fiduotel" {-Tele rPois rF+ MP+9} (You found it on level 6 of the Dungeon)
  3866 | D:6      | Reached skill level 9 in Axes
  3886 | D:6      | Found Siarihoj's Serpentskin Sales.
  4048 | D:7      | Found an ornate altar of the Wu Jian Council.
  4169 | D:7      | Found a sacrificial altar of Ru.
  4292 | D:7      | Found a staircase to the Ecumenical Temple.
  4302 | Temple   | Entered the Ecumenical Temple
  4884 | D:7      | Found a hide-covered altar of Uskayaw.
  5294 | D:8      | Reached ***** piety under Trog
  5379 | D:8      | Gained mutation: When hurt, damage is shared between your health and your magic reserves. [demonic ancestry]
  5379 | D:8      | Reached XP level 10. HP: 80/80 MP: 10/10
  5582 | D:8      | Found a burning altar of Makhleb.
  5878 | D:8      | Reached skill level 10 in Axes
  5919 | D:8      | Reached skill level 5 in Armour
  6001 | D:9      | Found a stormy altar of Qazlal.
  6068 | D:9      | Received a gift from Trog
  6073 | D:9      | Got a scorched executioner's axe {god gift}
  6074 | D:9      | Identified the +9 executioner's axe "Luputeci" {flame, *Corrode +Rage Str+4 Int+7} (Trog gifted it to you on level 9 of the Dungeon)
  6120 | D:9      | Found a staircase to the Orcish Mines.
  6280 | D:10     | Entered Level 10 of the Dungeon
  6305 | D:10     | Noticed a two-headed ogre
  6316 | D:10     | Killed a two-headed ogre
  7251 | D:10     | Noticed a death yak
  7322 | D:10     | Reached skill level 11 in Axes
  7385 | Orc:1    | Entered Level 1 of the Orcish Mines
  7385 | Orc:1    | Noticed a two-headed ogre
  7402 | Orc:1    | Killed a two-headed ogre
  7514 | Orc:1    | Found a dark tunnel.
  7529 | Volcano  | Entered a volcano
  7545 | Volcano  | Noticed a salamander
  7545 | Volcano  | Noticed a salamander mystic
  7545 | Volcano  | Noticed a salamander
  7546 | Volcano  | Found the +3 salamander hide armour {+Rage rF++}
  7556 | Volcano  | Killed a salamander
  7556 | Volcano  | Reached XP level 11. HP: 89/89 MP: 11/11
  7564 | Volcano  | Killed a salamander mystic
  7621 | Volcano  | Noticed a red draconian
  7651 | Volcano  | Killed a red draconian
  7890 | Orc:1    | Noticed a stone giant
  7925 | Orc:1    | Killed a stone giant
  7925 | Orc:1    | Reached skill level 12 in Axes
  8000 | Orc:1    | Noticed an ettin
  8014 | Orc:1    | Killed an ettin
  8172 | Orc:2    | Entered Level 2 of the Orcish Mines
  8172 | Orc:2    | Noticed a stone giant
  8259 | Orc:1    | Reached skill level 10 in Fighting
  8546 | D:10     | Noticed a death yak
  8553 | D:10     | Noticed a death yak
  8570 | D:10     | Killed a death yak
  8579 | D:10     | Slain by a death yak

Skill      XL: |  1  2  3  4  5  6  7  8  9 10 11 |
---------------+----------------------------------+-----
Axes           | 3 4 5 6 8 9 11 12 | 12.5
Dodging        | 2 3 4 5 |  5.2
Fighting       | 5 7 9 10 | 10.2
Armour         | 3 4 6 7 |  7.6

Action                   |  1- 3 |  4- 6 |  7- 9 | 10-12 || total
-------------------------+-------+-------+-------+-------++-------
Melee: Hand axe          |    85 |   174 |   535 |   501 ||  1295
       Kick              |     8 |    11 |       |       ||    19
       Battleaxe         |       |       |       |    83 ||    83
Invok: Berserk           |     2 |     3 |    11 |    12 ||    28
       Trog's Hand       |       |     1 |     3 |    10 ||    14
       Brothers in Arms  |       |       |       |     2 ||     2
Evoke: Wand              |       |       |       |     3 ||     3
       Lightning rod     |       |       |       |     1 ||     1
  Use: Scroll            |       |     5 |    10 |    13 ||    28
       Potion            |       |       |     1 |     3 ||     4
 Stab: Sleeping          |     1 |       |     2 |     2 ||     5
  Eat: Chunk             |     3 |     6 |    36 |    27 ||    72
Armor: Leather armour    |    38 |    56 |   138 |   146 ||   378
       Animal skin       |     3 |       |       |       ||     3
Dodge: Dodged            |    68 |   127 |   332 |   287 ||   814
Block: Other             |       |       |   117 |   139 ||   256
